 Dungeon Crawl Stone Soup version 0.20.1-1-g8b1a95d (webtiles) character file.

2397 McKennaii the Zephyrmancer (level 9, -6/46 HPs)
             Began as a Tengu Air Elementalist on Aug 8, 2017.
             Was a Follower of Vehumet.
             Mangled by a killer bee (9 damage)
             ... on level 10 of the Dungeon.
             The game lasted 00:24:46 (9301 turns).

McKennaii the Zephyrmancer (Tengu Air Elementalist) Turns: 9301, Time: 00:24:46

Health: -6/46      AC:  5    Str: 10    XL:     9   Next: 46%
Magic:  22/22      EV: 13    Int: 27    God:    Vehumet [*.....]
Gold:   207        SH:  0    Dex: 14    Spells: 16/24 levels left

rFire    . . .     SeeInvis .   (no weapon)
rCold    . . .     Gourm    .   (no shield)
rNeg     . . .     Faith    .   m - +2 robe
rPois    .         Spirit   .   (helmet restricted)
rElec    .         Reflect  .   v - scarf {cloud immunity}
rCorr    .         Harm     .   F - +0 pair of gloves
MR       .....                  (boots unavailable)
Stlth    ++........             (no amulet)
Regen    0.2/turn               h - +4 ring of intelligence
MPRegen  0.2/turn               B - +5 ring of intelligence

@: lethally poisoned (-6 -> -37), about to teleport
A: beak, talons 3, able to fly 1
a: Fly, Renounce Religion


You were on level 10 of the Dungeon.
You worshipped Vehumet.
Vehumet was aware of your devotion.
You were not hungry.

You visited 2 branches of the dungeon, and saw 9 of its levels.

You collected 372 gold pieces.
You spent 165 gold pieces at shops.

Inventory:

Armour
 m - a +2 robe (worn)
 v - a scarf of cloud immunity (worn)
 F - a +0 pair of gloves (worn)
Jewellery
 h - a +4 ring of intelligence (left hand)
 y - a +3 ring of evasion {unknown}
 B - a +5 ring of intelligence (right hand)
Wands
 a - a wand of polymorph (0/24)
 D - a wand of confusion (10/48)
Scrolls
 e - 6 scrolls of identify
 g - 4 scrolls of magic mapping
 q - 2 scrolls of remove curse
 u - a scroll of immolation {unknown}
Potions
 d - 2 potions of haste {unknown}
 i - 2 potions of curing {unknown}
 l - 3 potions of agility {unknown}
 r - 2 potions of degeneration {unknown}
 s - 2 potions of might {unknown}
 w - 2 potions of mutation {unknown}
 x - 2 potions of resistance {unknown}
 z - a potion of lignification {unknown}
 A - 2 potions of berserk rage {unknown}
 C - 2 potions of flight {unknown}
 E - a potion of brilliance {unknown}
Books
 b - a book of Air

   Spells                             Type                      Level
   a - Shock                          Conjuration/Air              1
   b - Swiftness                      Charms/Air                   2
   c - Static Discharge               Conjuration/Air              3
   d - Airstrike                      Air                          4
   e - Lightning Bolt                 Conjuration/Air              5
Comestibles
 c - 4 bread rations
 j - 2 meat rations
 n - 3 royal jellies
 t - 6 fruits
 G - 3 chunks of flesh


   Skills:
 + Level 0.8 Fighting
 + Level 3.0 Dodging
 + Level 3.2 Stealth
 * Level 8.0 Spellcasting
 + Level 7.9 Conjurations
 + Level 8.6 Air Magic
 + Level 0.8 Evocations


You had 16 spell levels left.
You knew the following spells:

 Your Spells              Type           Power        Failure   Level  Hunger
a - Shock                 Conj/Air       ####         1%          1    None
b - Swiftness             Chrm/Air       ####....     1%          2    None
c - Lightning Bolt        Conj/Air       ######....   4%          5    ####...


Dungeon Overview and Level Annotations

Branches:
Dungeon (7/15)             Temple (1/1) D:4

Altars:
Ashenzari
Elyvilon
Fedhas
Gozag
Hepliaklqana
Kikubaaqudgha
Makhleb
Nemelex Xobeh
Okawaru
Ru
Sif Muna
Trog
Uskayaw
Vehumet
Xom
Yredelemnul
The Shining One

Shops:
D:5 [


Innate Abilities, Weirdness & Mutations

You have a beak for a mouth.
You have claws for feet.
You can fly.


Message History

Unknown command.
You feel much better.
You feel very sick. The killer bee stings you.
The killer bee stings you but does no damage.
The killer bee barely misses you. The killer bee stings you.
* * * LOW HITPOINT WARNING * * *
The killer bee barely misses you. x2; The killer bee closely misses you. x2
The killer bee stings you but does no damage. x2
The killer bee stings you.
* * * LOW HITPOINT WARNING * * *
The killer bee stings you.
* * * LOW HITPOINT WARNING * * *
Unknown command.
As you read the scroll labeled FAIMAC FOUST, it crumbles to dust.
You feel strangely unstable.
It was a scroll of teleportation.
* * * LOW HITPOINT WARNING * * *
You feel very sick. The killer bee barely misses you.
The killer bee stings you!
You die...

##+#######
#.<....y.#
#.....y@y+
#.....yyy#
#......a.#
#........#
#........#
#........#
#........#
#........#


You could see a worker ant and 6 killer bees.

Vanquished Creatures
  A naga (D:7)
  3 ice beasts
  An orc warrior (D:7)
  5 ogres
  2 big kobolds
  A bullfrog (D:7)
  A scorpion (D:6)
  3 wights (D:6)
  A howler monkey (D:4)
  5 crimson imps
  4 hounds
  A jelly (D:6)
  8 orc wizards
  2 orc priests (D:4)
  Jessica (D:3)
  3 worker ants
  2 hound skeletons (D:4)
  A worker ant zombie (D:6)
  10 gnolls
  10 adders
  A shadow imp (D:6)
  2 oozes
  4 worms
  A dart slug (D:1)
  A leopard gecko (D:5)
  25 orcs
  5 giant cockroaches
  8 goblins
  7 hobgoblins
  14 jackals
  14 kobolds
  6 quokkas
  6 bats
  11 frilled lizards
  A giant cockroach zombie (D:5)
  A jackal zombie (D:6)
  A quokka skeleton (D:7)
  6 rats
179 creatures vanquished.

Notes
Turn   | Place    | Note
-------+----------+-------------------------------------------
     0 | D:1      | McKennaii the Tengu Air Elementalist began the quest for the Orb.
     0 | D:1      | Reached XP level 1. HP: 10/10 MP: 4/4
   226 | D:1      | Reached XP level 2. HP: 15/15 MP: 1/6
   583 | D:1      | You fall through a shaft!
   584 | D:2      | Reached XP level 3. HP: 19/19 MP: 5/7
   754 | D:2      | Reached skill level 5 in Air Magic
  1435 | D:2      | Reached XP level 4. HP: 24/24 MP: 0/8
  2546 | D:3      | Noticed a big kobold
  2547 | D:3      | Noticed a big kobold
  2595 | D:2      | Killed a big kobold
  2595 | D:2      | Gained mutation: You can fly. [Tengu growth]
  2595 | D:2      | Reached XP level 5. HP: 18/28 MP: 0/10
  2601 | D:2      | Learned a level 2 spell: Swiftness
  2607 | D:2      | Learned a level 5 spell: Lightning Bolt
  3223 | D:3      | Reached XP level 6. HP: 33/33 MP: 4/11
  3408 | D:3      | Found a hide-covered altar of Uskayaw.
  3414 | D:3      | Noticed Jessica
  3419 | D:3      | Killed Jessica
  3635 | D:3      | Reached skill level 5 in Conjurations
  3729 | D:3      | Found a sparkling altar of Nemelex Xobeh.
  3967 | D:4      | You fall through a shaft!
  3967 | D:5      | Entered Level 5 of the Dungeon
  3967 | D:5      | Noticed an ice beast
  3982 | D:5      | Killed an ice beast
  3982 | D:5      | Reached XP level 7. HP: 20/37 MP: 6/13
  4187 | D:5      | Found Xoitieph's Armour Boutique.
  4195 | D:5      | Bought a +2 robe for 165 gold pieces
  4656 | D:5      | Found a burning altar of Makhleb.
  4932 | D:5      | Found an iron altar of Okawaru.
  5729 | D:4      | Reached skill level 5 in Spellcasting
  6215 | D:4      | Reached XP level 8. HP: 37/42 MP: 13/16
  6339 | D:4      | Found a sacrificial altar of Ru.
  6466 | D:4      | Found a glowing golden altar of the Shining One.
  6478 | D:4      | Found a hazy altar of Hepliaklqana.
  6590 | D:4      | Found a basalt altar of Yredelemnul.
  6630 | D:4      | Found a bloodstained altar of Trog.
  6711 | D:4      | Found a staircase to the Ecumenical Temple.
  6723 | Temple   | Entered the Ecumenical Temple
  6837 | Temple   | Became a worshipper of Vehumet
  7137 | D:6      | Found a white marble altar of Elyvilon.
  7826 | D:6      | Reached XP level 9. HP: 46/46 MP: 13/20
  8216 | D:7      | Found a blossoming altar of Fedhas.
  8286 | D:7      | Reached * piety under Vehumet
  8286 | D:7      | Offered knowledge of Freeze by Vehumet.
  8986 | D:7      | Noticed a purple ugly thing
  9294 | D:7      | You fall through a shaft for 3 floors!
  9294 | D:10     | Entered Level 10 of the Dungeon
  9301 | D:10     | Mangled by a killer bee

Skill      XL: |  1  2  3  4  5  6  7  8  9 |
---------------+----------------------------+-----
Conjurations   | 2 4 5 6 7 |  7.9
Air Magic      | 5 6 7 8 |  8.6
Spellcasting   | 3 5 7 8 |  8.0
Stealth        | 3 |  3.2
Dodging        | 3 |  3.0
Fighting       | |  0.8
Evocations     | |  0.8

Action                   |  1- 3 |  4- 6 |  7- 9 || total
-------------------------+-------+-------+-------++-------
Melee: Unarmed           |     6 |       |     4 ||    10
       Kick              |     2 |       |     2 ||     4
       Peck              |     2 |       |       ||     2
 Cast: Shock             |    76 |   119 |   265 ||   460
       Lightning Bolt    |       |     1 |    10 ||    11
       Swiftness         |       |       |     2 ||     2
 Abil: Fly               |       |       |     3 ||     3
Evoke: Wand              |       |       |     5 ||     5
  Use: Scroll            |       |     2 |     7 ||     9
       Potion            |       |       |     3 ||     3
  Eat: Chunk             |     2 |     8 |    14 ||    24
       Bread ration      |       |       |     1 ||     1
Armor: Robe              |     3 |     1 |    16 ||    20
Dodge: Dodged            |    12 |     9 |    71 ||    92
